[Event "FIDE World School-ch O-9 2025"]
[Site "Vrnjacka Banja"]
[Date "2025.03.20"]
[Round "1.1"]
[White "Sairan, Dinmukhammed"]
[Black "Ulan, Rizat"]
[Result "0-1"]
[Annotator "NA RC"]
[ECO "B22"]
[WhiteElo "1501"]
[BlackElo "1769"]
[PlyCount "102"]
[EventDate "2025.03.19"]
[EventType "swiss"]
[EventCountry "SRB"]
[SourceTitle "playchess.com"]
[Source "ChessBase"]
[SourceQuality "1"]
[TimeControl "5400+30"]

1. e4 c5 2. c3 Nf6 3. e5 Nd5 4. d4 cxd4 5. cxd4 d6 6. Nf3 Nc6 7. Bb5 Qa5+ 8. Nc3 Nxc3 9. Bxc6+ bxc6 10. bxc3 Qxc3+ 11. Bd2 Qd3 12. Rc1 Be6 13. Qa4 Bd5 14. Be3 Qb5 15. Qc2 e6 16. Qe2 Be7 17. Qxb5 cxb5 18. Rc7 dxe5 19. Nxe5 Bd6 20. Rc2 f6 21. Nf3 Kd7 22. O-O Rac8 23. Rfc1 Rxc2 24. Rxc2 Rc8 25. Rb2 a6 26. Nd2 Rc1+ 27. Nf1 Ra1 28. f3 Bc4 29. Rf2 Bxf1 30. Rxf1 Bxh2+ 31. Kf2 Rxa2+ 32. Ke1 Bg3+ 33. Kd1 Ra1+ 34. Ke2 Rxf1 35. Kxf1 Kc6 36. Ke2 Kd5 37. Kd3 b4 38. Bd2 a5 39. Be3 a4 40. Bd2 Bd6 41. g4 a3 42. Bc1 Bf4 43. Bxf4 a2 44. Bd2 a1=Q 45. Bxb4 Qb1+ 46. Kc3 Qc1+ 47. Kb3 Qc4+ 48. Ka4 Qd3 49. f4 Kc4 50. Ba3 Qb3+ 51. Ka5 Qb5# 0-1

[Event "FIDE World School-ch O-9 2025"]
[Site "Vrnjacka Banja"]
[Date "2025.03.20"]
[Round "1.2"]
[White "Nematillakhonov, Nurmuhammad"]
[Black "Jovanovski, Jovan"]
[Result "1-0"]
[Annotator "NA RC"]
[ECO "E01"]
[WhiteElo "1767"]
[BlackElo "1493"]
[PlyCount "55"]
[EventDate "2025.03.19"]
[EventType "swiss"]
[EventCountry "SRB"]
[SourceTitle "playchess.com"]
[Source "ChessBase"]
[SourceQuality "1"]
[TimeControl "5400+30"]

1. d4 d5 2. c4 e6 3. Nf3 Nf6 4. g3 Bd6 5. Bg2 dxc4 6. Nfd2 e5 7. dxe5 Bxe5 8. Nxc4 Qxd1+ 9. Kxd1 Bd6 10. Nxd6+ cxd6 11. Nc3 a6 12. Na4 Nc6 13. Nb6 Rb8 14. Bf4 O-O 15. Rc1 Ng4 16. Ke1 Rd8 17. Nxc8 Rbxc8 18. Bh3 f5 19. f3 Nf6 20. Bxf5 Rc7 21. Kf2 Re7 22. Bd3 Nd4 23. Be3 Ne6 24. Bb6 Rf8 25. Kg2 Nd5 26. Bf2 Rfe8 27. Bc4 Nb6 28. Bxb6 1-0

[Event "FIDE World School-ch O-9 2025"]
[Site "Vrnjacka Banja"]
[Date "2025.03.20"]
[Round "1.3"]
[White "Tokmachov, Daniel"]
[Black "Wee, Yu Heng Lucas John"]
[Result "0-1"]
[Annotator "NA RC"]
[ECO "B33"]
[WhiteElo "1493"]
[BlackElo "1680"]
[PlyCount "76"]
[EventDate "2025.03.19"]
[EventType "swiss"]
[EventCountry "SRB"]
[SourceTitle "playchess.com"]
[Source "ChessBase"]
[SourceQuality "1"]
[TimeControl "5400+30"]

1. e4 c5 2. Nf3 Nc6 3. d4 cxd4 4. Nxd4 Nf6 5. Nc3 e5 6. Nf3 Bb4 7. Bd3 O-O 8. O-O d6 9. Bg5 Bxc3 10. bxc3 h6 11. Bh4 Bg4 12. Be2 g5 13. Nxg5 Bxe2 14. Qxe2 hxg5 15. Bxg5 Re8 16. f4 Re6 17. fxe5 Nxe5 18. Rf2 Qb6 19. Kh1 Nxe4 20. Rf5 Nxg5 21. Rxg5+ Rg6 22. Rxg6+ Nxg6 23. Rf1 Qc7 24. h3 Qxc3 25. Qe4 Qc6 26. Qf5 Qc7 27. Qd5 Re8 28. Rf6 Kg7 29. Qd4 Re1+ 30. Kh2 d5+ 31. g3 Qe5 32. Qf2 Re2 33. Rxf7+ Kh6 34. h4 Rxf2+ 35. Rxf2 Nxh4 36. Kh3 Nf5 37. Rg2 Kg5 38. c4 Qh8# 0-1

[Event "FIDE World School-ch O-9 2025"]
[Site "Vrnjacka Banja"]
[Date "2025.03.20"]
[Round "1.4"]
[White "Sultankhan, Nurislam"]
[Black "Jamiyanoidovjamts, Tegshtur"]
[Result "1-0"]
[Annotator "NA RC"]
[ECO "A40"]
[WhiteElo "1649"]
[BlackElo "1489"]
[PlyCount "117"]
[EventDate "2025.03.19"]
[EventType "swiss"]
[EventCountry "SRB"]
[SourceTitle "playchess.com"]
[Source "ChessBase"]
[SourceQuality "1"]
[TimeControl "5400+30"]

1. d4 e5 2. dxe5 d6 3. exd6 Bxd6 4. Nf3 Nc6 5. e3 Bg4 6. Be2 Qe7 7. c3 O-O-O 8. Qa4 Bd7 9. Qc2 Nf6 10. b4 Ne5 11. Nbd2 Bc6 12. Bb2 h5 13. h3 g6 14. O-O-O Rhe8 15. Nxe5 Bxe5 16. Bf3 Qe6 17. Bxc6 Qxc6 18. Nf3 Ne4 19. Rxd8+ Kxd8 20. Rd1+ Kc8 21. Nxe5 Rxe5 22. c4 Re6 23. c5 Qb5 24. a3 b6 25. Bd4 f5 26. f3 Ng3 27. Re1 Kb7 28. Kb2 a5 29. Qb3 Rc6 30. cxb6 cxb6 31. bxa5 Qxb3+ 32. Kxb3 bxa5 33. Kb2 Re6 34. Kc3 Rc6+ 35. Kd3 a4 36. Rb1+ Ka6 37. Kd2 h4 38. Kd3 Nh5 39. Kd2 g5 40. Rb4 Ka5 41. Bc3 Nf6 42. Rc4+ Kb5 43. Rxc6 Kxc6 44. Bxf6 g4 45. hxg4 fxg4 46. fxg4 Kd5 47. Kd3 Ke6 48. Bxh4 Ke5 49. Bg3+ Kf6 50. Bf4 Ke6 51. e4 Kf6 52. e5+ Ke6 53. Ke4 Kf7 54. g5 Ke7 55. g6 Kf8 56. e6 Ke8 57. g7 Ke7 58. g8=Q Kf6 59. Qf7# 1-0

[Event "FIDE World School-ch O-9 2025"]
[Site "Vrnjacka Banja"]
[Date "2025.03.20"]
[Round "1.5"]
[White "Klekovkin, Aleksandr"]
[Black "Dede, Omer Taha"]
[Result "0-1"]
[Annotator "NA RC"]
[ECO "B30"]
[WhiteElo "1479"]
[BlackElo "1647"]
[PlyCount "88"]
[EventDate "2025.03.19"]
[EventType "swiss"]
[EventCountry "SRB"]
[SourceTitle "playchess.com"]
[Source "ChessBase"]
[SourceQuality "1"]
[TimeControl "5400+30"]

1. e4 c5 2. Nf3 Nc6 3. Bc4 e6 4. Nc3 Nge7 5. d3 d5 6. Bb3 g6 7. exd5 exd5 8. Bg5 Be6 9. Bf6 Rg8 10. Ng5 Qa5 11. Qd2 O-O-O 12. O-O-O c4 13. Ba4 d4 14. Bxc6 dxc3 15. Bxb7+ Kxb7 16. Qxc3 Qxc3 17. Bxc3 cxd3 18. Nxe6 fxe6 19. Rxd3 Rxd3 20. cxd3 Bh6+ 21. Bd2 Rc8+ 22. Kd1 Bxd2 23. Kxd2 Nd5 24. a3 Rf8 25. f3 Nf4 26. g3 Nd5 27. Rf1 g5 28. h3 h5 29. Re1 Rxf3 30. Rxe6 Rxg3 31. Re5 Nf4 32. d4 Nxh3 33. d5 Nf4 34. d6 Kc6 35. Re7 Kxd6 36. Rxa7 h4 37. a4 h3 38. Rh7 Rb3 39. Kc2 Re3 40. Kd2 Re2+ 41. Kc3 h2 42. a5 Re3+ 43. Kc2 Rh3 44. Rf7 h1=Q 0-1

[Event "FIDE World School-ch O-9 2025"]
[Site "Vrnjacka Banja"]
[Date "2025.03.20"]
[Round "1.6"]
[White "Ukhaanbileg Uranbileg"]
[Black "Marc-Antoine Ishimwe Ndagijima"]
[Result "1-0"]
[Annotator "NA RC"]
[ECO "C56"]
[WhiteElo "1645"]
[BlackElo "1474"]
[PlyCount "55"]
[EventDate "2025.03.19"]
[EventType "swiss"]
[EventCountry "SRB"]
[SourceTitle "playchess.com"]
[Source "ChessBase"]
[SourceQuality "1"]
[TimeControl "5400+30"]

1. e4 e5 2. Nf3 Nc6 3. d4 exd4 4. Bc4 Nf6 5. e5 Ng8 6. O-O d6 7. Ng5 Nh6 8. e6 fxe6 9. Bxe6 Bxe6 10. Nxe6 Qd7 11. Qh5+ Qf7 12. Nxc7+ Kd8 13. Qxf7 Nxf7 14. Nxa8 Nb4 15. Na3 Kc8 16. Bd2 Nc6 17. Rfe1 Kb8 18. Re8+ Nfd8 19. Bg5 Kc8 20. Nb5 h6 21. Bxd8 Nxd8 22. Nxd6+ Kd7 23. Rxd8+ Kxd8 24. Nf7+ Kc8 25. Nxh8 Kb8 26. Re1 Kc8 27. Re8+ Kd7 28. Rxf8 1-0

[Event "FIDE World School-ch O-9 2025"]
[Site "Vrnjacka Banja"]
[Date "2025.03.21"]
[Round "2.1"]
[White "Ulan, Rizat"]
[Black "Qubaneishvili, Andria"]
[Result "1-0"]
[Annotator "NA RC"]
[ECO "C08"]
[WhiteElo "1769"]
[BlackElo "1570"]
[PlyCount "95"]
[EventDate "2025.03.19"]
[EventType "swiss"]
[EventCountry "SRB"]
[SourceTitle "playchess.com"]
[Source "ChessBase"]
[SourceQuality "1"]
[TimeControl "5400+30"]

1. e4 e6 2. d4 d5 3. Nd2 c5 4. exd5 exd5 5. Bb5+ Bd7 6. Bxd7+ Qxd7 7. Ngf3 Nc6 8. O-O Nf6 9. Re1+ Be7 10. dxc5 O-O 11. Nb3 Rac8 12. c3 Qc7 13. Be3 Nd8 14. Nfd4 Ne4 15. Nb5 Qd7 16. c4 a6 17. Nc3 Nxc3 18. bxc3 Ne6 19. cxd5 Nxc5 20. Bd4 Rfd8 21. Qf3 Bf8 22. Bxc5 Bxc5 23. Rad1 Bd6 24. g3 Qc7 25. Re3 Be5 26. c4 Bd6 27. Rc1 Ba3 28. Rc2 Bc5 29. Re4 Bf8 30. Rd4 a5 31. c5 Qe5 32. d6 Qf6 33. Qxf6 gxf6 34. Nxa5 Rd7 35. Rdc4 Ra8 36. Nb3 Rdd8 37. a4 b6 38. cxb6 Bxd6 39. a5 Rdb8 40. Rd4 Be5 41. Rd5 Kf8 42. Rb5 Ke8 43. b7 Ra7 44. Rxe5+ Kd7 45. Rd5+ Ke6 46. Rb5 Raxb7 47. Rxb7 Rxb7 48. Nc5+ 1-0

[Event "FIDE World School-ch O-9 2025"]
[Site "Vrnjacka Banja"]
[Date "2025.03.21"]
[Round "2.2"]
[White "Zhu, Aiden"]
[Black "Nematillakhonov, Nurmuhammad"]
[Result "0-1"]
[Annotator "NA RC"]
[ECO "A22"]
[WhiteElo "1560"]
[BlackElo "1767"]
[PlyCount "53"]
[EventDate "2025.03.19"]
[EventType "swiss"]
[EventCountry "SRB"]
[SourceTitle "playchess.com"]
[Source "ChessBase"]
[SourceQuality "1"]
[TimeControl "5400+30"]

1. c4 Nf6 2. g3 e5 3. Nc3 Bc5 4. e3 e4 5. Bg2 Qe7 6. Nge2 c6 7. O-O d6 8. d4 Bb6 9. b3 Bf5 10. d5 c5 11. Bb2 Nbd7 12. Qd2 Ne5 13. Na4 Nf3+ 14. Bxf3 exf3 15. Nec3 Bd8 16. Qd1 Bg4 17. Re1 Ne4 18. Nxe4 Qxe4 19. Qb1 Qg6 20. Qxg6 hxg6 21. Bxg7 Rh3 22. Bc3 Kd7 23. Rec1 Bg5 24. Nb2 f6 25. Kf1 Rxh2 26. Ke1 Bxe3 27. Nd1 0-1

[Event "FIDE World School-ch O-9 2025"]
[Site "Vrnjacka Banja"]
[Date "2025.03.21"]
[Round "2.3"]
[White "Wee, Yu Heng Lucas John"]
[Black "Dymov, Dmitrii"]
[Result "1-0"]
[Annotator "NA RC"]
[ECO "D58"]
[WhiteElo "1680"]
[BlackElo "1565"]
[PlyCount "71"]
[EventDate "2025.03.19"]
[EventType "swiss"]
[EventCountry "SRB"]
[SourceTitle "playchess.com"]
[Source "ChessBase"]
[SourceQuality "1"]
[TimeControl "5400+30"]

1. d4 d5 2. c4 e6 3. Nc3 Nf6 4. Bg5 Be7 5. Nf3 O-O 6. e3 h6 7. Bh4 b6 8. cxd5 exd5 9. Bd3 Bb7 10. O-O Nbd7 11. Nd2 c5 12. Re1 Re8 13. Rc1 Ne4 14. Bxe7 Qxe7 15. Bxe4 dxe4 16. Nc4 Ba6 17. Ne2 Rad8 18. Qa4 Nb8 19. Qa3 b5 20. Nd2 c4 21. Qxe7 Rxe7 22. Nc3 f5 23. g4 g6 24. gxf5 gxf5 25. a4 Rg7+ 26. Kh1 b4 27. Nb5 Bxb5 28. axb5 Rb7 29. Nxc4 Rxb5 30. Rg1+ Kh7 31. Ne5 Rb7 32. Rg6 Nd7 33. Rxh6+ Kxh6 34. Nf7+ Kg6 35. Nxd8 Kf6 36. Nxb7 1-0

[Event "FIDE World School-ch O-9 2025"]
[Site "Vrnjacka Banja"]
[Date "2025.03.21"]
[Round "2.4"]
[White "Uchral, Bayarsaikhan"]
[Black "Sultankhan, Nurislam"]
[Result "0-1"]
[Annotator "NA RC"]
[ECO "D20"]
[WhiteElo "1534"]
[BlackElo "1649"]
[PlyCount "76"]
[EventDate "2025.03.19"]
[EventType "swiss"]
[EventCountry "SRB"]
[SourceTitle "playchess.com"]
[Source "ChessBase"]
[SourceQuality "1"]
[TimeControl "5400+30"]

1. d4 d5 2. c4 dxc4 3. e4 e5 4. dxe5 Qxd1+ 5. Kxd1 Nc6 6. f4 Bg4+ 7. Be2 O-O-O+ 8. Nd2 Bxe2+ 9. Nxe2 Bc5 10. a3 Nge7 11. Kc2 b5 12. Nf3 Na5 13. Bd2 Nb3 14. Rad1 Rd3 15. Bc3 Re3 16. Rhe1 Rxe4 17. Ng5 Re3 18. Nxf7 Rf8 19. Ng5 Nc6 20. Ne6 Rf7 21. Nxc5 Nxc5 22. Rd5 Nd3 23. Kd2 Re4 24. Rf1 a6 25. b3 Nxf4 26. Nxf4 Rfxf4 27. Rxf4 Rxf4 28. Ke3 Rg4 29. Kf3 Rh4 30. Kg3 Ne7 31. Kxh4 Nxd5 32. Bb2 cxb3 33. e6 g6 34. Kg5 c5 35. e7 Kd7 36. Kg4 c4 37. Kf3 c3 38. Bxc3 Nxc3 0-1

[Event "FIDE World School-ch O-9 2025"]
[Site "Vrnjacka Banja"]
[Date "2025.03.21"]
[Round "2.5"]
[White "Dede, Omer Taha"]
[Black "Rotescu, Vladimir-Szilard"]
[Result "1-0"]
[Annotator "NA RC"]
[ECO "B23"]
[WhiteElo "1647"]
[BlackElo "1529"]
[PlyCount "113"]
[EventDate "2025.03.19"]
[EventType "swiss"]
[EventCountry "SRB"]
[SourceTitle "playchess.com"]
[Source "ChessBase"]
[SourceQuality "1"]
[TimeControl "5400+30"]

1. e4 c5 2. Nc3 d6 3. d4 cxd4 4. Qxd4 Nc6 5. Qd2 a6 6. b3 b5 7. Bb2 Bb7 8. f3 Nf6 9. O-O-O g6 10. Nd5 Bg7 11. Nxf6+ Bxf6 12. Bxf6 exf6 13. Qxd6 Qxd6 14. Rxd6 Ke7 15. Rd1 Rhc8 16. Kb2 Rc7 17. Bd3 Nb4 18. Ne2 Nxd3+ 19. cxd3 b4 20. Rc1 Rd7 21. d4 a5 22. Rhd1 a4 23. Nf4 g5 24. Ne2 Kd8 25. d5 Bc8 26. Nd4 Rb7 27. Rc4 Kd7 28. Nc6 Ke8 29. Rxb4 Rxb4 30. Nxb4 axb3 31. axb3 Kd7 32. Ra1 Rxa1 33. Kxa1 Kd6 34. Kb2 f5 35. Kc3 g4 36. Kd4 f6 37. Kc4 Bd7 38. Nd3 h5 39. Nf4 gxf3 40. gxf3 h4 41. Nd3 fxe4 42. fxe4 Bg4 43. b4 Bh3 44. b5 Bg4 45. b6 Bc8 46. Nc5 h3 47. b7 Bxb7 48. Nxb7+ Kc7 49. Kc5 Kd7 50. Kb6 Kc8 51. Kc6 f5 52. d6 fxe4 53. d7+ Kb8 54. d8=Q+ Ka7 55. Nc5 e3 56. Qb6+ Ka8 57. Qb7# 1-0

[Event "FIDE World School-ch O-9 2025"]
[Site "Vrnjacka Banja"]
[Date "2025.03.21"]
[Round "2.6"]
[White "Lee, Jinwoo A"]
[Black "Ukhaanbileg Uranbileg"]
[Result "1/2-1/2"]
[Annotator "NA RC"]
[ECO "D32"]
[WhiteElo "1525"]
[BlackElo "1645"]
[PlyCount "149"]
[EventDate "2025.03.19"]
[EventType "swiss"]
[EventCountry "SRB"]
[SourceTitle "playchess.com"]
[Source "ChessBase"]
[SourceQuality "1"]
[TimeControl "5400+30"]

1. d4 d5 2. c4 e6 3. Nc3 c5 4. cxd5 cxd4 5. Qxd4 Nc6 6. Qd1 exd5 7. Nf3 Nf6 8. e3 Be6 9. Bd3 Bd6 10. a3 O-O 11. Qc2 Qb6 12. O-O d4 13. Ne4 Nxe4 14. Bxe4 h6 15. Bxc6 d3 16. Qxd3 Qxc6 17. Nd4 Qc7 18. Nxe6 Bxh2+ 19. Kh1 fxe6 20. f4 Bg3 21. Qg6 Qc4 22. Bd2 Bh4 23. Rf3 Bf6 24. Rg3 Rad8 25. Bc3 Bxc3 26. bxc3 Qxc3 27. Qxe6+ Kh8 28. Rb1 Qc7 29. Qg6 Rf6 30. Qe4 Rb6 31. Rxb6 Qxb6 32. Rg6 Qb5 33. f5 Qd5 34. Qxd5 Rxd5 35. e4 Re5 36. Rg4 Kg8 37. Kg1 Kf7 38. Kf2 Kf6 39. Ke3 Ra5 40. Kf4 Ra4 41. Rg3 a5 42. Rb3 g5+ 43. fxg6 Kxg6 44. Rb6+ Kf7 45. Rxb7+ Kf6 46. Rb6+ Kg7 47. Rb3 Rd4 48. Ke3 Rc4 49. Kd3 Rc6 50. Rb5 Ra6 51. a4 Kf6 52. Kd4 Ke6 53. Rh5 Ke7 54. Kc5 Kd7 55. Rd5+ Kc7 56. e5 Rg6 57. Rd6 Rg5 58. Rc6+ Kd7 59. Rxh6 Rxe5+ 60. Kb6 Rg5 61. Rh2 Kd6 62. g3 Rxg3 63. Rd2+ Ke6 64. Kxa5 Ke7 65. Kb4 Rg4+ 66. Kb5 Rg5+ 67. Kb6 Rg6+ 68. Kc5 Ra6 69. Kb5 Ra8 70. a5 Rd8 71. Re2+ Kd7 72. a6 Kc7 73. Re7+ Kb8 74. Kc6 Rh8 75. Kb6 1/2-1/2

[Event "FIDE World School-ch O-9 2025"]
[Site "Vrnjacka Banja"]
[Date "2025.03.22"]
[Round "4.1"]
[White "Wee, Yu Heng Lucas John"]
[Black "Khabul, Chinzorig"]
[Result "1-0"]
[Annotator "NA RC"]
[ECO "D53"]
[WhiteElo "1680"]
[BlackElo "1513"]
[PlyCount "95"]
[EventDate "2025.03.19"]
[EventType "swiss"]
[EventCountry "SRB"]
[SourceTitle "playchess.com"]
[Source "ChessBase"]
[SourceQuality "1"]
[TimeControl "5400+30"]

1. d4 d5 2. c4 e6 3. Nc3 Nf6 4. Bg5 Be7 5. Nf3 a6 6. e3 dxc4 7. a4 b6 8. Bxc4 Bb7 9. O-O O-O 10. Ne5 Nbd7 11. f4 c5 12. f5 cxd4 13. Nxf7 Qc7 14. Qxd4 Rxf7 15. fxe6 Rff8 16. exd7+ Kh8 17. Rad1 Rad8 18. Nd5 Bxd5 19. Bxf6 Bxf6 20. Qxd5 h6 21. e4 Be7 22. Rf7 Bg5 23. Qd6 Qxd6 24. Rxd6 Kg8 25. Rf5+ Kh7 26. Be6 g6 27. Rf7+ Rxf7 28. Bxf7 Rf8 29. Bxg6+ Kg7 30. Bf5 Kf7 31. Rc6 Ke7 32. Rc8 Rd8 33. Rxd8 Kxd8 34. Kf2 Ke7 35. Kg3 Kd6 36. h4 Bd8 37. Kg4 Kc5 38. b3 Kd6 39. Kh5 Ke5 40. g4 Kf4 41. Kxh6 Bxh4 42. Kg7 Ke5 43. Kf7 Kd6 44. Ke8 Kc7 45. e5 Bg5 46. e6 a5 47. e7 Bxe7 48. Kxe7 1-0

[Event "FIDE World School-ch O-9 2025"]
[Site "Vrnjacka Banja"]
[Date "2025.03.22"]
[Round "4.2"]
[White "Batbileg, Boldbaatar"]
[Black "Sultankhan, Nurislam"]
[Result "0-1"]
[Annotator "NA RC"]
[ECO "D06"]
[WhiteElo "1637"]
[BlackElo "1649"]
[PlyCount "106"]
[EventDate "2025.03.19"]
[EventType "swiss"]
[EventCountry "SRB"]
[SourceTitle "playchess.com"]
[Source "ChessBase"]
[SourceQuality "1"]
[TimeControl "5400+30"]

1. d4 d5 2. c4 c5 3. cxd5 Qxd5 4. Nf3 cxd4 5. Nc3 Qa5 6. Nxd4 Nf6 7. Nb3 Qc7 8. Nb5 Qb6 9. e4 Bg4 10. Qc2 Na6 11. Be3 Qd8 12. f3 Bd7 13. Rd1 e6 14. Bc4 Bb4+ 15. Kf2 O-O 16. Qe2 Nc7 17. Nc5 b6 18. Nxd7 Nxd7 19. a3 Be7 20. Bf4 Ne8 21. Nd4 Bc5 22. Be3 Bxd4 23. Rxd4 Qe7 24. Bb5 Ndf6 25. Rhd1 Nc7 26. Bc6 Rad8 27. Qd2 Rxd4 28. Qxd4 Rc8 29. Qa4 a6 30. Bxb6 h5 31. Be3 Rd8 32. b4 Rxd1 33. Qxd1 Nb5 34. a4 Na7 35. b5 axb5 36. axb5 Nxc6 37. bxc6 Qc7 38. Qa4 Kh7 39. Qb5 Qxh2 40. Qg5 Qc7 41. Qc5 h4 42. Ke2 Ne8 43. Qb6 Qh2 44. Kf2 h3 45. Ke1 Qxg2 46. Bg1 h2 47. Bxh2 Qxh2 48. Qd8 Nc7 49. Qd7 Kg6 50. Qd3 Qg1+ 51. Ke2 Qc5 52. Qd7 Nb5 53. Qd1 Nc3+ 0-1

[Event "FIDE World School-ch O-9 2025"]
[Site "Vrnjacka Banja"]
[Date "2025.03.22"]
[Round "4.3"]
[White "Bondarev, Fedor"]
[Black "Agar, Garig"]
[Result "0-1"]
[Annotator "NA RC"]
[ECO "C78"]
[WhiteElo "1598"]
[BlackElo "1620"]
[PlyCount "146"]
[EventDate "2025.03.19"]
[EventType "swiss"]
[EventCountry "SRB"]
[SourceTitle "playchess.com"]
[Source "ChessBase"]
[SourceQuality "1"]
[TimeControl "5400+30"]

1. e4 e5 2. Nf3 Nc6 3. Bb5 a6 4. Ba4 Nf6 5. d3 b5 6. Bb3 Bc5 7. O-O d6 8. h3 h6 9. c3 Bb6 10. a4 Bb7 11. Re1 O-O 12. Na3 Na5 13. Bc2 Qd7 14. b4 Nc6 15. Be3 Bxe3 16. fxe3 Na7 17. Nb1 Nc8 18. Nbd2 Nb6 19. a5 Nc8 20. Qe2 Re8 21. c4 Na7 22. Qf2 bxc4 23. dxc4 Rab8 24. Rab1 Bc6 25. Bd3 Qc8 26. Qh4 Bd7 27. c5 Bb5 28. Nc4 d5 29. Ncxe5 Bxd3 30. Nxd3 dxe4 31. Nf4 exf3 32. gxf3 Nb5 33. Kh2 Qf5 34. Rb2 Nd4 35. Qg3 Ne6 36. Rg2 g5 37. Nxe6 Rxe6 38. e4 Qg6 39. Qxc7 Rxb4 40. Rc1 Ne8 41. Qc8 Qf6 42. Rd1 Qf4+ 43. Kg1 Qxf3 44. Rf1 Qe3+ 45. Kh2 Qxe4 46. Rgf2 Qe5+ 47. Kh1 Rb3 48. Rf3 Rxf3 49. Rxf3 Qd5 50. Kg2 Re2+ 51. Kg3 Qe5+ 52. Kg4 Qe6+ 53. Qxe6 Rxe6 54. Rc3 Rc6 55. Kf5 Kf8 56. Ke5 Ke7 57. Kd4 Nc7 58. Ke5 Ne6 59. Kd5 Rxc5+ 60. Rxc5 Nxc5 61. Kxc5 f5 62. Kb6 f4 63. Kxa6 f3 64. Kb7 f2 65. a6 f1=Q 66. a7 Qb5+ 67. Kc8 Qc6+ 68. Kb8 Qb6+ 69. Kc8 Qxa7 70. h4 Qd7+ 71. Kb8 Kd6 72. hxg5 Kc6 73. gxh6 Qb7# 0-1

[Event "FIDE World School-ch O-9 2025"]
[Site "Vrnjacka Banja"]
[Date "2025.03.26"]
[Round "7.1"]
[White "Batbileg, Boldbaatar"]
[Black "Agar, Garig"]
[Result "1-0"]
[Annotator "NA RC"]
[ECO "A44"]
[WhiteElo "1637"]
[BlackElo "1620"]
[PlyCount "65"]
[EventDate "2025.03.19"]
[EventType "swiss"]
[EventCountry "SRB"]
[SourceTitle "playchess.com"]
[Source "ChessBase"]
[SourceQuality "1"]
[TimeControl "5400+30"]

1. d4 c5 2. d5 e5 3. e4 d6 4. c4 f5 5. Nc3 Nf6 6. Bd3 g6 7. Nf3 Bg7 8. O-O O-O 9. a3 a5 10. Rb1 fxe4 11. Nxe4 Bg4 12. Bg5 Qc7 13. Bxf6 Bxf6 14. h3 Bd7 15. b4 axb4 16. axb4 Ba4 17. Qd2 Na6 18. bxc5 Nxc5 19. Nxc5 dxc5 20. Be4 Rfd8 21. Qb2 Rab8 22. Qb6 Qd6 23. Rb2 Ra8 24. Rfb1 Be8 25. Qxb7 Rdb8 26. Qxb8 Rxb8 27. Rxb8 Qd7 28. R1b7 Qa4 29. d6 Qd1+ 30. Kh2 Qxd6 31. Rxe8+ Qf8 32. Bd5+ Kh8 33. Rxf8# 1-0

[Event "FIDE World School-ch O-9 2025"]
[Site "Vrnjacka Banja"]
[Date "2025.03.26"]
[Round "7.2"]
[White "Sultankhan, Nurislam"]
[Black "Ulan, Rizat"]
[Result "1-0"]
[Annotator "NA RC"]
[ECO "A48"]
[WhiteElo "1649"]
[BlackElo "1769"]
[PlyCount "107"]
[EventDate "2025.03.19"]
[EventType "swiss"]
[EventCountry "SRB"]
[SourceTitle "playchess.com"]
[Source "ChessBase"]
[SourceQuality "1"]
[TimeControl "5400+30"]

1. d4 Nf6 2. Bf4 g6 3. e3 Bg7 4. h3 d6 5. Nf3 O-O 6. Be2 Nbd7 7. O-O c6 8. c4 Ne4 9. Nbd2 Nxd2 10. Qxd2 e5 11. dxe5 dxe5 12. Bh2 e4 13. Nd4 Ne5 14. Rfd1 Nd3 15. Bxd3 exd3 16. Nb3 Be6 17. Rac1 b6 18. c5 b5 19. Bd6 Re8 20. Nd4 Bd5 21. Qxd3 Qg5 22. Qf1 Rad8 23. Bf4 Qf6 24. b3 g5 25. Bd6 h5 26. Nxb5 Bxg2 27. Qxg2 cxb5 28. Bg3 Rc8 29. c6 h4 30. Bh2 Qb2 31. c7 Qxa2 32. Qxg5 Qxb3 33. Rd8 Qe6 34. Rcd1 Qf6 35. Rxe8+ Rxe8 36. Qxb5 Qg6+ 37. Kf1 Rf8 38. Rd8 Qe6 39. Rxf8+ Bxf8 40. Qg5+ Kh7 41. Qxh4+ Bh6 42. Bf4 Qc4+ 43. Kg1 Kg8 44. Qxh6 Qc1+ 45. Kg2 Qc2 46. Qg5+ Kh7 47. Qh4+ Kg7 48. Qg4+ Kh7 49. c8=Q Qe4+ 50. Kg3 Qg6 51. Qxg6+ fxg6 52. Bh6 g5 53. Qf8 Kg6 54. Kg4 1-0

[Event "FIDE World School-ch O-9 2025"]
[Site "Vrnjacka Banja"]
[Date "2025.03.26"]
[Round "7.3"]
[White "Nematillakhonov, Nurmuhammad"]
[Black "Lau, Great Boyou"]
[Result "1-0"]
[Annotator "NA RC"]
[ECO "E68"]
[WhiteElo "1767"]
[BlackElo "1593"]
[PlyCount "129"]
[EventDate "2025.03.19"]
[EventType "swiss"]
[EventCountry "SRB"]
[SourceTitle "playchess.com"]
[Source "ChessBase"]
[SourceQuality "1"]
[TimeControl "5400+30"]

1. d4 Nf6 2. c4 g6 3. g3 Bg7 4. Bg2 O-O 5. Nc3 d6 6. Nf3 Nbd7 7. O-O e5 8. e4 Re8 9. Re1 exd4 10. Nxd4 Nc5 11. b3 a5 12. Rb1 Ng4 13. Rb2 Ne5 14. Rd2 Ne6 15. Nxe6 Bxe6 16. Bb2 Qd7 17. f4 Bg4 18. Qa1 Nf3+ 19. Bxf3 Bxf3 20. Nd5 f6 21. Qb1 f5 22. e5 Bxd5 23. cxd5 dxe5 24. fxe5 Rad8 25. Qd3 Qe7 26. Qc4 Qf7 27. Ree2 Bh6 28. e6 Qe7 29. Rc2 c6 30. Qd4 Bg7 31. Qxg7+ Qxg7 32. Bxg7 Kxg7 33. dxc6 bxc6 34. Rxc6 Re7 35. Re5 Rd1+ 36. Kf2 Rd2+ 37. Re2 Rxe2+ 38. Kxe2 Kf6 39. Kd3 Rxe6 40. Rxe6+ Kxe6 41. Kc4 g5 42. Kd4 Kd6 43. a3 Ke6 44. b4 axb4 45. axb4 Kd6 46. b5 h6 47. b6 Kc6 48. Ke5 f4 49. gxf4 gxf4 50. Kxf4 Kxb6 51. Kf5 Kc5 52. Kg6 Kd4 53. Kxh6 Ke4 54. Kg6 Kf4 55. h4 Kg4 56. h5 Kf4 57. h6 Ke5 58. h7 Ke6 59. h8=Q Ke7 60. Qd4 Ke6 61. Kg5 Ke7 62. Kf5 Kf7 63. Qd7+ Kg8 64. Kf6 Kh8 65. Qg7# 1-0

[Event "FIDE World School-ch O-9 2025"]
[Site "Vrnjacka Banja"]
[Date "2025.03.26"]
[Round "7.4"]
[White "Zhanabayev, Arystan"]
[Black "Wee, Yu Heng Lucas John"]
[Result "0-1"]
[Annotator "NA RC"]
[ECO "B33"]
[WhiteElo "1507"]
[BlackElo "1680"]
[PlyCount "98"]
[EventDate "2025.03.19"]
[EventType "swiss"]
[EventCountry "SRB"]
[SourceTitle "playchess.com"]
[Source "ChessBase"]
[SourceQuality "1"]
[TimeControl "5400+30"]

1. e4 c5 2. Nf3 Nc6 3. d4 cxd4 4. Nxd4 Nf6 5. Nc3 e5 6. Ndb5 d6 7. Bg5 a6 8. Na3 b5 9. Nd5 Be7 10. Bxf6 Bxf6 11. c3 O-O 12. Nc2 Be6 13. Nxf6+ Qxf6 14. Qxd6 Rac8 15. Qd3 Rfd8 16. Qg3 b4 17. Bxa6 Rb8 18. O-O Rd2 19. Nxb4 Nxb4 20. cxb4 Rxb4 21. b3 Rxe4 22. Qc3 Red4 23. Bb5 g6 24. a4 Bd5 25. Qg3 Rf4 26. a5 e4 27. Rad1 e3 28. Qxe3 Qg5 29. g3 Rfxf2 30. Qxf2 Rxf2 31. Rxf2 Bxb3 32. Rb1 Qxb5 33. a6 Qd3 34. Ra1 Qd4 35. Ra3 Qd1+ 36. Rf1 Qd4+ 37. Rf2 Qb4 38. Ra1 Qc3 39. Ra3 Qc1+ 40. Kg2 Qxa3 41. Rf1 Bd5+ 42. Kh3 Qxa6 43. Rd1 Qe6+ 44. g4 Qe3+ 45. Kh4 g5+ 46. Kh5 f6 47. h4 Bf7+ 48. Kh6 gxh4+ 49. g5 Qxg5# 0-1